 Dungeon Crawl Stone Soup version 0.20.1-1-g8b1a95d (webtiles) character file.

8388 tidbits the Martial Artist (level 10, -5/83 HPs)
             Began as a Demigod Transmuter on Aug 20, 2017.
             Slain by a white ugly thing (14 damage)
             ... on level 11 of the Dungeon.
             The game lasted 00:56:31 (5417 turns).

tidbits the Martial Artist (Demigod Transmuter)     Turns: 5417, Time: 00:56:32

Health: -5/83      AC:  9    Str: 16    XL:     10   Next: 83%
Magic:  2/19       EV: 16    Int: 23    God:
Gold:   125        SH:  0    Dex: 16    Spells: 4/17 levels left

rFire    . . .     SeeInvis .     - Unarmed
rCold    . . .     Gourm    .   (shield currently unavailable)
rNeg     . . .     Faith    .   B - +1 steam dragon scales
rPois    .         Spirit   .   E - +0 helmet
rElec    .         Reflect  .   C - +0 cloak
rCorr    .         Harm     .   (gloves currently unavailable)
MR       +....                  F - +0 pair of boots
Stlth    +.........             (no amulet)
Regen    0.3/turn               i - ring of flight
MPRegen  0.2/turn               S - +3 ring of strength

@: lethally poisoned (-5 -> -6), about to teleport, blade hands
A: high mp 1
a: End Transformation, Evoke Flight


You were on level 11 of the Dungeon.
You were not hungry.
You had blades for hands.
You visited 1 branch of the dungeon, and saw 11 of its levels.

You collected 378 gold pieces.
You spent 253 gold pieces at shops.

Inventory:

Hand Weapons
 b - a +0 hunting sling
 g - a +3 blowgun
 j - a +1 short sword of venom
   (You took it off an orc on level 3 of the Dungeon)
 o - the +9 dagger "Penet" {freeze, Int+4}
   (You found it on level 8 of the Dungeon)

   It has been specially enchanted to freeze those struck by it, causing extra
   injury to most foes and up to half again as much damage against particularly
   susceptible opponents.
   It can also slow down cold-blooded creatures.
   It affects your intelligence (+4).
Missiles
 a - 196 arrows
 f - 178 stones (quivered)
 n - 4 throwing nets {!f}
 O - 7 javelins
Armour
 e - a +2 robe of cold resistance
   (You took it off Fannar on level 10 of the Dungeon)
 z - a +0 buckler
 B - +1 steam dragon scales (worn)
 C - a +0 cloak (worn)
 E - a +0 helmet (worn)
 F - a +0 pair of boots (worn)
Magical Staves
 w - an uncursed staff of wizardry (melded) {!a}
   (You found it on level 4 of the Dungeon)
 T - an uncursed staff of fire
   (You found it on level 8 of the Dungeon)
Jewellery
 i - a ring of flight (left scythe-like blade)
   (You found it on level 2 of the Dungeon)
 p - an uncursed amulet of guardian spirit
   (You found it on level 2 of the Dungeon)
 P - an uncursed ring of ice
   (You took it off Fannar on level 10 of the Dungeon)
 S - a +3 ring of strength (right scythe-like blade)
   (You took it off a crimson imp on level 8 of the Dungeon)
Wands
 d - a wand of digging (16/24)
 J - a wand of digging (11/24)
 R - a wand of random effects (33/48)
 V - a wand of paralysis (10/24)
 X - a wand of paralysis (16/24)
Scrolls
 h - 2 scrolls of recharging {unknown}
 m - 5 scrolls of remove curse
 s - a scroll of amnesia {unknown}
 t - a scroll of enchant weapon
 u - 2 scrolls of magic mapping {unknown}
 v - a scroll of immolation {unknown}
 H - 2 scrolls of teleportation
 I - a scroll of fear {unknown}
 Q - a scroll of vulnerability {unknown}
 W - a scroll of blinking
Potions
 l - a potion of lignification
 q - a potion of curing
 r - 3 potions of might
 x - 2 potions of berserk rage
 y - 2 potions of haste
 A - 2 potions of cancellation
 D - a potion of flight
 G - 2 potions of heal wounds
 L - a potion of brilliance {unknown}
Books
 c - a book of Changes

   Spells                             Type                      Level
   a - Beastly Appendage              Transmutation                1
   b - Sticks to Snakes               Transmutation                2
   c - Spider Form                    Transmutation/Poison         3
   d - Ice Form                       Ice/Transmutation            4
   e - Blade Hands                    Transmutation                5
 M - a book of Power
   (You found it on level 7 of the Dungeon)

   Spells                             Type                      Level
   a - Iskenderun's Battlesphere      Conjuration/Charms           5
   b - Venom Bolt                     Conjuration/Poison           5
   c - Bolt of Magma                  Conjuration/Fire/Earth       5
   d - Iron Shot                      Conjuration/Earth            6
   e - Orb of Destruction             Conjuration                  7
   f - Spellforged Servitor           Conjuration/Summoning        7
 N - a book of Geomancy
   (You found it on level 9 of the Dungeon)

   Spells                             Type                      Level
   a - Sandblast                      Earth                        1
   b - Passwall                       Transmutation/Earth          2
   c - Stone Arrow                    Conjuration/Earth            3
   d - Petrify                        Transmutation/Earth          4
   e - Lee's Rapid Deconstruction     Earth                        5
Comestibles
 k - 4 meat rations
 K - 8 bread rations
 U - 7 chunks of flesh


   Skills:
 + Level 6.0 Fighting
 + Level 6.6 Dodging
 * Level 10.9 Unarmed Combat
 - Level 4.0 Spellcasting
 - Level 6.0 Transmutations
 - Level 3.2 Earth Magic


You had 4 spell levels left.
You knew the following spells:

 Your Spells              Type           Power        Failure   Level  Hunger
e - Beastly Appendage     Tmut           ####..       14%         1    None
h - Blade Hands           Tmut           ####......   67%         5    ######.
k - Sticks to Snakes      Tmut           ####....     17%         2    #......
p - Spider Form           Tmut/Pois      ###.......   43%         3    ##.....
w - Passwall              Tmut/Erth      ####......   22%         2    #......


Dungeon Overview and Level Annotations

Branches:
Dungeon (11/15)            Temple (0/1) D:5
   Lair: D:8-11         Orc: D:9-12

Shops:
D:4 [   D:5 !!(   D:6 [

Annotations:
D:8 exclusions: obsidian statue and orange crystal statue


Innate Abilities, Weirdness & Mutations

You have an increased reservoir of magic. (+10% MP)


Message History

Your transformation is almost over.
The killer bee completely misses you.
Your adder misses the killer bee. You closely miss the killer bee.
The killer bee is heavily wounded.
You feel sick. The killer bee misses you. The killer bee closely misses you.
Your adder misses the killer bee. You closely miss the killer bee.
The killer bee is heavily wounded.
You feel sick. The killer bee misses you.
Your adder barely misses the killer bee.
The killer bee stings you.
* * * LOW HITPOINT WARNING * * *
You are more poisoned.
The killer bee poisons you!
You feel much better.
You feel sick. The killer bee barely misses you.
Your adder bites the killer bee.
The killer bee is poisoned.
Your adder poisons the killer bee!
The killer bee completely misses your adder.
You miss the killer bee.
The killer bee is heavily wounded.
You feel sick. The killer bee stings you.
* * * LOW HITPOINT WARNING * * *
Your adder completely misses the killer bee.
You barely miss the killer bee.
The killer bee is severely wounded.
You feel sick.
The killer bee stings you but does no damage.
Your adder bites the killer bee.
The killer bee dies!
Your adder looks stronger.
You feel sick.
There is an open door, spattered with blood here.
You feel sick.
You feel sick.
Your hands revert to their normal proportions.
Your uncursed staff of wizardry {!a} unmelds from your body.
You feel sick.
You feel sick.
Okay, then.
You feel sick.
You feel sick.
Your adder withers and dies!
You feel sick.
You open the door.
An ice beast comes into view.
You feel sick.
Found 10 gold pieces.
Found an escape hatch in the ceiling.
The ice beast moves out of view.
Found 7 gold pieces.
There is an open door here.
A two-headed ogre comes into view. It is wielding two giant clubs.
You feel sick.
There is an escape hatch in the ceiling here.
There is an open door here.
You feel sick.
You feel sick.
Casting: Blade Hands
Confirm with . or Enter, or press ? or * to list all spells.
You create a snake!
You now have 197 arrows.
You feel sick.
You swap places.
The ice beast hits your ball python.
Your ball python dies!
Casting: Sticks to Snakes
Confirm with . or Enter, or press ? or * to list all spells.
You create a snake!
You now have 196 arrows.
You feel sick.
Casting: Sticks to Snakes
Confirm with . or Enter, or press ? or * to list all spells.
Your hands turn into razor-sharp scythe blades.
Your uncursed staff of wizardry {!a} melds into your body.
Your ball python closely misses the ice beast.
Your ball python barely misses the ice beast.
You slash the ice beast!
The ice beast is heavily wounded.
You feel sick.
Your ball python bites the ice beast.
The ice beast misses you.
You slash the ice beast!
You kill the ice beast!
You feel sick.
There is a stone staircase leading down here.
You climb downwards.
Your summoned ally is left behind.
Found a scroll of blinking, 24 stones and 18 arrows.
Found a stone staircase leading down.
There is a stone staircase leading up here.
You enter a teleport trap!
The teleport trap disappears.
Your surroundings suddenly seem different.
A gargoyle and an ugly thing come into view.
An eye of draining comes into view.
You feel sick.
The white ugly thing gurgles horribly!
The eye of draining turns its gaze towards you.
The gargoyle hurls a stone arrow at you.
The stone arrow misses you.
The stone arrow hits the white ugly thing.
Found a glowing short sword.
As you read the scroll labeled KUGRES IHEXTIDGH, it crumbles to dust.
You feel strangely unstable.
It was a scroll of teleportation.
The white ugly thing completely misses you.
The gargoyle hurls a stone arrow at you.
The stone arrow misses you. The white ugly thing punches you!
* * * LOW HITPOINT WARNING * * *
The white ugly thing freezes you!
You die...

.## ).#
#G# #.#
#.#
######9##
#...@...#
#....u..##
#........#
#......#.#
########.#
. .# #


You could see a white ugly thing and a gargoyle.

Vanquished Creatures
  Fannar (D:10)
  2 two-headed ogres (D:8)
  An unseen horror (D:10)
  Maurice (D:10)
  A gargoyle (D:10)
  The ghost of Elmdore the Chiller, a novice MfIE (D:4)
  A troll (D:10)
  A hippogriff (D:8)
  Sigmund (D:8)
  A wyvern (D:6)
  2 ice beasts
  2 orc warriors
  A phantom (D:8)
  4 ogres
  3 centaurs
  2 big kobolds
  6 bullfrogs
  A wyvern zombie (D:10)
  14 killer bees
  3 scorpions
  3 wights (D:8)
  2 crimson imps
  3 hounds
  4 jellies
  2 bullfrog zombies
  3 quasits
  A bullfrog skeleton (D:10)
  3 orc priests
  2 orc wizards
  3 centaur skeletons
  2 worker ants
  An iguana (D:7)
  A hound zombie (D:8)
  2 hound skeletons
  10 gnolls
  2 adders
  An ooze (D:4)
  3 adder zombies
  An adder skeleton (D:6)
  3 worms
  A dart slug (D:2)
  3 leopard geckos
  25 orcs
  2 bats (D:2)
  8 giant cockroaches
  4 goblins
  2 hobgoblins
  19 jackals
  4 quokkas
  4 frilled lizards
  11 kobolds
  2 quokka skeletons
  7 rats
193 creatures vanquished.

Vanquished Creatures (collateral kills)
  A two-headed ogre (D:10)
  A killer bee (D:10)
  A gnoll shaman (D:5)
  A bullfrog skeleton (D:4)
  2 adders
  A bat (D:3)
  A giant cockroach (D:2)
  A hobgoblin (D:2)
  2 jackals (D:4)
  A kobold (D:2)
  A frilled lizard (D:2)
  A jackal skeleton (D:4)
  2 rats (D:3)
16 creatures vanquished.

Vanquished Creatures (others)
  An orc (D:10)
1 creature vanquished.

Grand Total: 210 creatures vanquished

Notes
Turn   | Place    | Note
-------+----------+-------------------------------------------
     0 | D:1      | tidbits the Demigod Transmuter began the quest for the Orb.
     0 | D:1      | Reached XP level 1. HP: 15/15 MP: 5/5
    47 | D:1      | Reached skill level 3 in Unarmed Combat
    57 | D:1      | Reached XP level 2. HP: 12/22 MP: 5/7
   120 | D:1      | Learned a level 2 spell: Sticks to Snakes
   189 | D:2      | Found a blossoming altar of Fedhas.
   477 | D:3      | Reached XP level 3. HP: 25/27 MP: 2/8
   484 | D:3      | Reached skill level 4 in Unarmed Combat
   594 | D:4      | Reached skill level 2 in Spellcasting
   604 | D:4      | Learned a level 3 spell: Spider Form
   632 | D:4      | Reached XP level 4. HP: 29/34 MP: 4/10
   640 | D:4      | Found Wipp's Antique Armour Shoppe.
   663 | D:4      | Noticed an ogre
   676 | D:4      | Reached skill level 2 in Transmutations
   754 | D:4      | Noticed Elmdore's ghost (novice MfIE)
   768 | D:4      | Killed Elmdore's ghost
   768 | D:4      | Reached skill level 5 in Unarmed Combat
   768 | D:4      | Reached skill level 3 in Transmutations
   768 | D:4      | Reached XP level 5. HP: 13/39 MP: 4/11
   768 | D:4      | Reached XP level 6. HP: 16/46 MP: 4/12
  1045 | D:2      | Found a white marble altar of Elyvilon.
  1308 | D:3      | Reached skill level 6 in Unarmed Combat
  1424 | D:3      | Found a shadowy altar of Dithmenos.
  1636 | D:5      | Entered Level 5 of the Dungeon
  1653 | D:6      | Found Anomefy's Antique Armour Shop.
  1712 | D:5      | Reached XP level 7. HP: 46/51 MP: 7/13
  1779 | D:5      | Reached skill level 1 in Fighting
  1779 | D:5      | Reached skill level 2 in Dodging
  1861 | D:5      | Found a staircase to the Ecumenical Temple.
  2036 | D:6      | Noticed a wyvern
  2045 | D:6      | Killed a wyvern
  2069 | D:6      | Reached skill level 7 in Unarmed Combat
  2079 | D:6      | Reached skill level 2 in Fighting
  2189 | D:5      | Found Fucku's Antique Weapon Boutique.
  2211 | D:5      | Found Coizeiwe's Distillery.
  2238 | D:5      | Reached skill level 3 in Dodging
  2247 | D:5      | Bought 2 potions of heal wounds for 110 gold pieces
  2363 | D:5      | Found Reaskiv's Distillery.
  2463 | D:5      | Reached XP level 8. HP: 36/62 MP: 12/15
  2853 | D:7      | Reached skill level 3 in Fighting
  2853 | D:7      | Reached skill level 8 in Unarmed Combat
  3027 | D:7      | Found an iron altar of Okawaru.
  3130 | D:7      | Reached skill level 4 in Dodging
  3182 | D:8      | Noticed a two-headed ogre
  3193 | D:8      | Killed a two-headed ogre
  3193 | D:8      | Reached skill level 4 in Fighting
  3193 | D:8      | Reached skill level 9 in Unarmed Combat
  3208 | D:8      | Learned a level 5 spell: Blade Hands
  3308 | D:8      | Reached XP level 9. HP: 63/71 MP: 13/16
  3323 | D:8      | Noticed Sigmund
  3359 | D:8      | Reached skill level 3 in Spellcasting
  3390 | D:8      | Killed Sigmund
  3452 | D:8      | Learned a level 2 spell: Passwall
  3453 | D:8      | Noticed a two-headed ogre
  3458 | D:8      | HP: 3/71 [two-headed ogre/giant club (9)]
  3706 | D:6      | Reached skill level 1 in Earth Magic
  3714 | D:6      | Reached skill level 4 in Transmutations
  3906 | D:8      | Killed a two-headed ogre
  3906 | D:8      | Reached skill level 5 in Transmutations
  3906 | D:8      | Reached skill level 3 in Earth Magic
  3980 | D:8      | HP: 6/71 [poisoned by a killer bee]
  4099 | D:5      | Bought a potion of heal wounds for 65 gold pieces
  4099 | D:5      | Bought a potion of curing for 39 gold pieces
  4099 | D:5      | Bought a potion of curing for 39 gold pieces
  4322 | D:8      | Noticed a two-headed ogre
  4323 | D:8      | Reached skill level 4 in Spellcasting
  4331 | D:8      | HP: 5/71 [two-headed ogre/giant club (23)]
  4339 | D:8      | Reached skill level 6 in Transmutations
  4562 | D:8      | Got an ancient dagger
  4563 | D:8      | Identified the +9 dagger "Penet" {freeze, Int+4} (You found it on level 8 of the Dungeon)
  4619 | D:8      | Noticed an obsidian statue
  4722 | D:8      | Noticed an orange crystal statue
  4750 | D:8      | Reached skill level 5 in Dodging
  4750 | D:8      | Reached XP level 10. HP: 68/80 MP: 4/19
  4930 | D:10     | Entered Level 10 of the Dungeon
  4961 | D:10     | Noticed Fannar
  4980 | D:10     | Killed Fannar
  4980 | D:10     | Reached skill level 5 in Fighting
  4980 | D:10     | Reached skill level 10 in Unarmed Combat
  5014 | D:10     | Killed an unseen horror
  5093 | D:10     | Noticed a two-headed ogre
  5100 | D:10     | Killed a two-headed ogre
  5100 | D:10     | Reached skill level 6 in Dodging
  5218 | D:10     | Noticed Maurice
  5229 | D:10     | Killed Maurice
  5373 | D:10     | Reached skill level 6 in Fighting
  5379 | D:10     | HP: 8/83 [poisoned by a killer bee]
  5379 | D:10     | HP: 3/83 [killer bee (5)]
  5394 | D:10     | Noticed a two-headed ogre
  5413 | D:11     | Noticed a white ugly thing
  5417 | D:11     | Slain by a white ugly thing

Skill      XL: |  1  2  3  4  5  6  7  8  9 10 |
---------------+-------------------------------+-----
Unarmed Combat | 3 4 5 6 7 9 10 | 10.9
Spellcasting   | 2 4 |  4.0
Transmutations | 3 6 |  6.0
Fighting       | 2 4 6 |  6.0
Dodging        | 3 4 5 6 |  6.6
Earth Magic    | 3 |  3.2

Action                   |  1- 3 |  4- 6 |  7- 9 | 10-12 || total
-------------------------+-------+-------+-------+-------++-------
Melee: Unarmed           |    39 |   114 |   296 |    85 ||   534
       Kick              |     9 |       |       |       ||     9
       Punch             |     1 |       |     3 |     3 ||     7
       Headbutt          |     2 |     1 |       |       ||     3
       Dagger            |       |       |       |     2 ||     2
 Fire: Hunting sling     |    38 |     6 |       |       ||    44
 Cast: Beastly Appendage |     6 |     1 |       |       ||     7
       Sticks to Snakes  |    10 |     9 |    28 |    11 ||    58
       Spider Form       |       |    17 |    37 |       ||    54
       Passwall          |       |       |    17 |     1 ||    18
       Blade Hands       |       |       |     9 |    14 ||    23
 Abil: End Transformatio |       |       |     1 |     1 ||     2
       Evoke Flight      |       |       |       |     1 ||     1
Evoke: Wand              |       |       |     2 |     4 ||     6
  Use: Scroll            |     5 |     1 |     4 |     5 ||    15
       Potion            |       |     1 |     7 |     1 ||     9
 Stab: Sleeping          |       |     2 |       |       ||     2
       Distracted        |       |     1 |     1 |     1 ||     3
       Paralysed         |       |       |       |     3 ||     3
  Eat: Chunk             |       |     6 |    13 |     8 ||    27
       Royal jelly       |       |       |     2 |       ||     2
Armor: Robe              |     3 |       |       |       ||     3
       Steam dragon scal |     9 |    12 |    19 |    20 ||    60
       Skin              |       |     4 |    10 |       ||    14
Dodge: Dodged            |    39 |    78 |   274 |    60 ||   451

Table legend:
 A = Turns spent in this place as a percentage of turns spent in the entire game.
 B = Non-inter-level travel turns spent in this place as a percentage of non-inter-level travel turns spent in the entire game.
 C = Inter-level travel turns spent in this place as a percentage of turns spent in this place.
 D = Turns resting spent in this place as a percentage of non-inter-level travel turns spent in this place.
 E = Turns spent auto-exploring this place as a percentage of non-inter-level travel turns spent in this place.
 F = Non-inter-level travel turns spent in this place divided by the number of levels of this place that you've seen.
                   A       B       C       D       E      F
               +-------+-------+-------+-------+-------+----------------------
         Total | 100.0 | 100.0 |   0.1 |   0.0 |   0.0 | 492.4
       Dungeon | 100.0 | 100.0 |   0.1 |   0.0 |   0.0 | 492.4
               +-------+-------+-------+-------+-------+----------------------

Table legend:
 A = Kills in this place as a percentage of kills in entire the game.
 B = Kills by you in this place as a percentage of kills by you in the entire game.
 C = Kills by friends in this place as a percentage of kills by friends in the entire game.
 D = Other kills in this place as a percentage of other kills in the entire game.
 E = Experience gained in this place as a percentage of experience gained in the entire game.
 F = Experience gained in this place divided by the number of levels of this place that you have seen.
                   A       B       C       D       E      F
               +-------+-------+-------+-------+-------+----------------------
         Total | 100.0 | 100.0 | 100.0 |  -nan | 100.0 | 1089.5
       Dungeon | 100.0 | 100.0 | 100.0 |  -nan | 100.0 | 1089.5
               +-------+-------+-------+-------+-------+----------------------

Vault maps used:
D:1:      saegor_arrival_miasma
D:2:      lemuel_coloured_pillars_altar, elyvilon_altar_5,
          hangedman_decor_lopped
D:3:      grunt_dithmenos_smoke, uniq_natasha
D:4:      serial_shops, shop_statue
D:5:      minmay_temple_entry_statues_pillars, serial_shops,
          kennysheep_little_box, shop, shop, first_bread
D:6:      serial_shops, shop, grunt_ministairs_4, minivault_4
D:7:      okawaru_trees_2, grunt_ogre_cave
D:8:      minmay_separated_statues, yredelemnul_forgotten_temple_becter,
          sigmund_army
D:9:      gammafunk_temple_overflow_statue, bloody_makhleb
D:10:     uniq_fannar, uniq_maurice
D:11:     lair_entry_dummy, serial_shops, nicolae_shop_statue_plus, shop
